 Dungeon Crawl Stone Soup version 0.31-a0-152-g6aa68a64a1 (webtiles) character file.

Game seed: 15231061418576845207

70 Hubris850 the Ducker (level 4, -5/34 HPs)
             Began as a Demonspawn Gladiator on June 9, 2023.
             Succumbed to Crazy Yiuf's poison
             ... on level 2 of the Dungeon.
             The game lasted 00:03:29 (1251 turns).

Hubris850 the Ducker (Demonspawn Gladiator)         Turns: 1251, Time: 00:03:29

Health: -5/34      AC:  7    Str: 17    XL:     4   Next: 3%
Magic:  4/4        EV: 11    Int:  9    God:
Gold:   77         SH:  0    Dex: 14    Spells: 3/3 levels left

rFire   . . .        i - +0 whip (venom)
rCold   . . .        (no shield)
rNeg    . . .        f - +0 ring mail
rPois   .            (helmet restricted)
rElec   .            (no cloak)
rCorr   .            (no gloves)
SInv    .            (no boots)
Will    +....        (no amulet)
Stlth   +            m - ring of willpower
HPRegen 0.25/turn    (no ring)
MPRegen 0.09/turn

%: no passive effects
@: mighty, lethally poisoned (-5 -> -27)
A: antennae 1, slimy green scales 1, spiny 1
a: no special abilities


You were on level 2 of the Dungeon.
You visited 1 branch of the dungeon, and saw 2 of its levels.

You collected 77 gold pieces.

Inventory:

Hand Weapons
 a - a +0 long sword
 i - a +0 whip of venom (weapon)
Missiles
 d - 5 throwing nets (quivered)
 e - a javelin
Armour
 b - a +0 leather armour
 c - a +0 helmet
 f - a +0 ring mail (worn)
Jewellery
 l - a ring of ice
 m - a ring of willpower (left hand)
Scrolls
 g - a scroll of noise {unknown}
 h - a scroll of magic mapping {unknown}
 k - a scroll of brand weapon {unknown}
 n - a scroll of teleportation {unknown}
 o - 2 scrolls of enchant armour {unknown}
 q - a scroll of poison {unknown}
Potions
 r - a potion of magic


   Skills:
 + Level 2.5 Fighting
 - Level 2.8 Long Blades
 + Level 0.9 Maces & Flails
 + Level 2.3 Throwing
 + Level 1.2 Armour
 + Level 3.1 Dodging


You had 3 spell levels left.
You didn't know any spells.
Your spell library was empty.

Dungeon Overview and Level Annotations

Branches:
Dungeon (2/15)

Altars:

Annotations:
D:2 Crazy Yiuf


Innate Abilities, Weirdness & Mutations

You have a pair of small antennae on your head.
You are partially covered in slimy green scales. (AC +2)
You are partially covered in sharp spines.


Message History

r - a bubbling clear potion Unknown command.
As you read the scroll of identify, it crumbles to dust.
r - a potion of magic You now have 71 gold pieces (gained 13).
You now have 77 gold pieces (gained 6).
A ball python comes into view.
The ball python hisses angrily.
The ball python barely misses you.
The ball python bites you but does no damage.
You closely miss the ball python.
The ball python is struck by your spines.
The ball python closely misses you.
You hit the ball python.
You kill the ball python!
No target in view!
There is a stone staircase leading up here.
Found a hammer.
Found a runed translucent door.
Crazy Yiuf shouts!
Crazy Yiuf yells, "Peeping!
Cards disdain cloud."
You feel very mighty all of a sudden.
You open the door.
Crazy Yiuf drinks a potion.
Crazy Yiuf seems to speed up.
Crazy Yiuf laughs, "Scoff!
Citrus hog snockshim."
Crazy Yiuf hits you with a +2 quarterstaff of chaos!
You are poisoned.
Crazy Yiuf is struck by your spines.
Crazy Yiuf hits you with a +2 quarterstaff of chaos!
You are lethally poisoned!
There is an open translucent door here.
You whack Crazy Yiuf!
Crazy Yiuf is heavily wounded.
You feel extremely sick.
Crazy Yiuf hits you with a +2 quarterstaff of chaos.
* * * LOW HITPOINT WARNING * * *
You convulse.
* * * LOW HITPOINT WARNING * * *
Okay, then.
You completely miss Crazy Yiuf.
Crazy Yiuf is heavily wounded.
You die...

.##.##......#.##.##.#
.##.#########.#..##.#
.##.# #########
###.########
###.##.....# #####
....##.....# #..)#
...........# #...#
.#####.....# #.g.# .#
#.....# #@# .#
####### ##.# .# #..
#.## .######.####
##.# ........##.#
#.## ..####..##.#
##.## #.####..##.#
#...## ...........#
#....# #.####..#.##
#....#


You could see Crazy Yiuf (fast).

Vanquished Creatures
  3 adders (D:2)
  A dart slug (D:1)
  4 endoplasms
  3 giant cockroaches (D:1)
  2 goblins (D:1)
  3 hobgoblins
  3 jackals (D:2)
  2 quokkas (D:1)
  5 ball pythons
  4 bats
  3 frilled lizards
  8 rats
41 creatures vanquished.

Notes
Turn   | Place    | Note
-------+----------+-------------------------------------------
     0 | D:1      | Hubris850 the Demonspawn Gladiator began the quest for the
                  | Orb.
     0 | D:1      | Reached XP level 1. HP: 16/16 MP: 1/1
   107 | D:1      | Gained mutation: You are partially covered in slimy green
                  | scales. (AC +2) [demonic ancestry]
   107 | D:1      | Reached XP level 2. HP: 16/22 MP: 2/2
   500 | D:1      | Gained mutation: You have a pair of small antennae on your
                  | head. [demonic ancestry]
   500 | D:1      | Reached XP level 3. HP: 28/28 MP: 3/3
   599 | D:2      | Reached skill level 1 in Armour
   599 | D:2      | Reached skill level 3 in Dodging
  1018 | D:2      | Gained mutation: You are partially covered in sharp spines.
                  | [demonic ancestry]
  1018 | D:2      | Reached XP level 4. HP: 34/34 MP: 4/4
  1243 | D:2      | Found a runed translucent door.
  1244 | D:2      | Noticed Crazy Yiuf
  1250 | D:2      | HP: 1/34 [Crazy Yiuf/+2 quarterstaff of chaos (6)]
  1251 | D:2      | Succumbed to Crazy Yiuf's poison

Illustrated notes

Levels and vault maps discovered:
D:1:      dpeg_arrival_stonehenge_12_columns, layout_rooms
D:2:      layout_loops_cross, uniq_crazy_yiuf_cottage

Skill      XL: |  1  2  3 |
---------------+----------+-----
Throwing       | 2 |  2.3
Armour         | 1 |  1.2
Dodging        | 3 |  3.1
Fighting       | |  2.5
Long Blades    | |  2.8
Maces & Flails | |  0.9

Action                     |  1- 3 |  4- 6 || total
---------------------------+-------+-------++-------
  Melee: Long sword        |    23 |       ||    23
         Whip              |   105 |     4 ||   109
         Punch             |     1 |       ||     1
    Use: Scroll            |     1 |     1 ||     2
         Potion            |       |     1 ||     1
 Armour: Ring mail         |    49 |     1 ||    50
         Leather armour    |     2 |       ||     2
  Dodge: Dodged            |    88 |     2 ||    90

Table legend: (Time is in decaauts)
 A = Elapsed time spent in this place.
 B = Non-inter-level travel time spent in this place.
 C = Inter-level travel time spent in this place.
 D = Time resting spent in this place.
 E = Time spent auto-exploring this place.
 F = Levels seen in this place.
 G = Mean time per level.
                   A        B        C        D        E       F      G
               +--------+--------+--------+--------+--------+-----+--------+
         Total |   1266 |   1263 |      3 |     68 |    873 |   2 |  633.0 |
       Dungeon |   1266 |   1263 |      3 |     68 |    873 |   2 |  633.0 |
               +--------+--------+--------+--------+--------+-----+--------+

Top non-repeatable levels by time:
     D:2: 706 daAuts
     D:1: 559 daAuts
